 Dungeon Crawl Stone Soup version 0.23.0 (webtiles) character file.

Game seed: 10531093935884728679

30622 LostNumber the Envoy of Void (level 13, -1/113 HPs)
             Began as a Demonspawn Abyssal Knight on Feb 10, 2019.
             Was a High Priest of Lugonu.
             Slain by a death yak (14 damage)
             ... on level 3 of the Lair of Beasts.
             The game lasted 00:29:21 (16452 turns).

LostNumber the Envoy of Void (DsAK)                Turns: 16452, Time: 00:29:22

Health: -1/113     AC: 21    Str: 25    XL:     13   Next: 21%
Magic:  21/22      EV: 13    Int: 20    God:    Lugonu [*****.]
Gold:   531        SH:  0    Dex: 14    Spells: 12/12 levels left

rFire    x . .     SeeInvis .   L - +1 broad axe (chop)
rCold    . . .     Gourm    +   (no shield)
rNeg     . . .     Faith    .   V - +4 ring mail of Incorporation {*Slow +Fly Str+8 Stlth+}
rPois    +         Spirit   .   o - +0 hat {MR+}
rElec    .         Reflect  .   z - +0 cloak
rCorr    .         Harm     .   r - +2 pair of gloves
MR       ++...                  (boots unavailable)
Stlth    +.........             l - amulet of the gourmand
HPRegen  0.28/turn              w - ring "Baxim" {+Inv rF- MR+ AC+4 Int+7}
MPRegen  0.18/turn              H - ring of poison resistance

@: no status effects
A: hooves 3, molten scales 1, powered by death 1, robust 1, spiny 2
a: Depart the Abyss, Bend Space, Banish, Corrupt, Enter the Abyss, Renounce
Religion, Evoke Invisibility, Evoke Flight


You were on level 3 of the Lair of Beasts.
You worshipped Lugonu.
Lugonu was extremely pleased with you.
You were very full.

You visited 2 branches of the dungeon, and saw 16 of its levels.
You visited the Abyss 1 time.

You collected 879 gold pieces.
You spent 348 gold pieces at shops.

Inventory:

Hand Weapons
 a - a +1 mace
 L - a +1 broad axe of chopping (weapon)
   (You bought it in a shop on level 7 of the Dungeon)
Armour
 o - a +0 hat of magic resistance (worn)
   (You took it off Gastronok on level 9 of the Dungeon)
 r - a +2 pair of gloves (worn)
   (You found it on level 3 of the Dungeon)
 v - a +2 shield
   (You found it on level 3 of the Dungeon)
 z - a +0 cloak (worn)
   (You took it off Maurice on level 8 of the Dungeon)
 V - the +4 ring mail of Incorporation (worn) {*Slow +Fly Str+8 Stlth+}
   (You found it on level 1 of the Lair of Beasts)

   It affects your strength (+8).
   It lets you fly.
   It may slow you when you take damage.
   It makes you more stealthy.
Jewellery
 i - an uncursed ring of resist corrosion
   (You found it on level 3 of the Dungeon)
 l - an amulet of the gourmand (around neck)
   (You found it on level 2 of the Dungeon)
 w - the ring "Baxim" (left hand) {+Inv rF- MR+ AC+4 Int+7}
   (You found it on level 4 of the Dungeon)

   [ring of protection]

   It affects your AC (+4).
   It affects your intelligence (+7).
   It makes you vulnerable to fire.
   It affects your resistance to hostile enchantments.
   It lets you turn invisible.
 A - an uncursed ring of magical power
   (You found it on level 5 of the Dungeon)
 H - a ring of poison resistance (right hand)
   (You found it on level 7 of the Dungeon)
 U - an uncursed amulet of magic regeneration {unknown}
   (You found it on level 1 of the Lair of Beasts)
 W - an uncursed ring of protection from cold {unknown}
   (You found it on level 2 of the Lair of Beasts)
 X - an uncursed amulet of guardian spirit {unknown}
   (You found it on level 3 of the Lair of Beasts)
Wands
 d - a wand of iceblast (11)
   (You found it on level 9 of the Dungeon)
 t - a wand of flame (18)
   (You found it on level 10 of the Dungeon)
 u - a wand of paralysis (7)
   (You took it off Erolcha on level 9 of the Dungeon)
 x - a wand of acid (17)
   (You took it off Ijyb on level 4 of the Dungeon)
 D - a wand of clouds (3)
   (You found it on level 6 of the Dungeon)
 K - a wand of polymorph (13)
   (You found it on level 8 of the Dungeon)
Scrolls
 b - a scroll of acquirement {unknown}
 c - 4 scrolls of fear
 f - 10 scrolls of remove curse {@r2}
 k - 9 scrolls of teleportation {@r4}
 m - 2 scrolls of immolation {unknown}
 q - 4 scrolls of magic mapping {unknown}
 s - 4 scrolls of fog {unknown}
 y - a scroll of amnesia {unknown}
 C - a scroll of random uselessness {unknown}
 E - 3 scrolls of enchant armour {unknown}
 I - 2 scrolls of enchant weapon {unknown}
 M - a scroll of blinking {unknown}
 O - a scroll of vulnerability {unknown}
Potions
 g - 2 potions of berserk rage
 j - 10 potions of curing {@q1}
 p - 4 potions of mutation {!q}
 F - 3 potions of cancellation
 G - 2 potions of flight
 J - 2 potions of brilliance
 N - 9 potions of heal wounds {@q2}
 P - 5 potions of lignification {!q}
Comestibles
 e - 31 rations {!d}


   Skills:
 + Level 10.1 Fighting
 * Level 10.6(11.3) Axes
 - Level 6.6(9.5) Maces & Flails
 + Level 7.0 Armour
 - Level 4.1 Dodging
 + Level 8.5 Shields
 + Level 12.3 Invocations


You had 12 spell levels left.
You didn't know any spells.
Your spell library contained the following spells:

 Spells                   Type           Power        Failure   Level  Hunger
 Confusing Touch          Hex            #.....       28%         1    ##.....
 Corona                   Hex            #......      28%         1    ##.....
 Passwall                 Tmut/Erth      #.......     38%         2    ###....
 Shroud of Golubria       Chrm/Tloc      #.........   38%         2    ###....
 Slow                     Hex            #.......     38%         2    ###....
 Confuse                  Hex            #.......     63%         3    ####...
 Gell's Gravitas          Tloc           #.........   63%         3    ####...
 Inner Flame              Hex/Fire       #.......     63%         3    ####...
 Portal Projectile        Hex/Tloc       #.....       63%         3    ####...
 Stone Arrow              Conj/Erth      #.....       63%         3    ####...
 Cause Fear               Hex            #.........   95%         4    #####..
 Leda's Liquefaction      Hex/Erth       #.........   95%         4    #####..
 Petrify                  Tmut/Erth      #.......     95%         4    #####..
 Lee's Rapid Deconstruct  Erth           #.........   100%        5    ######.
 Metabolic Englaciation   Hex/Ice        #.........   100%        5    ######.
 Yara's Violent Unravell  Hex/Tmut       #.........   100%        5    ######.


Dungeon Overview and Level Annotations

Branches:
Dungeon (11/15)            Temple (0/1) D:4            Lair (5/6) D:11
 Spider (0/4) Lair:2          Orc (0/2) D:11
  Swamp: Lair:2-4    Shoals: Lair:2-4     Slime: Lair:5-6

Altars:
Dithmenos
Hepliaklqana
Kikubaaqudgha
Qazlal
Sif Muna
Vehumet
Xom
Yredelemnul
The Shining One

Shops:
D:5 (   D:7 (

Annotations:
D:5 2 runed translucent doors, mys's ghost, novice OpVM
D:6 3 runed translucent doors, Denreik's ghost, novice GnEE
D:10 3 runed translucent doors, LostNumber's ghost, novice HOAK
D:11 2 transporters, sosloow's ghost, journeyman GrFi
Lair:2 2 transporters, Flugkiller's ghost, journeyman HuCK


Innate Abilities, Weirdness & Mutations

You have hooves in place of feet.
You are partially covered in molten scales. (AC +2)
You regenerate a little health from kills.
You are robust. (+10% HP)
You are mostly covered in sharp spines.


Message History

Unknown command.
You barely miss the death yak.
You kick the death yak, but do no damage.
The death yak is struck by your spines. The death yak misses you.
You slash the death yak! The death yak gores you.
You hit the death yak but do no damage. You kick the death yak!
The death yak gores you but does no damage.
You hit the death yak but do no damage. Your kick misses the death yak.
The death yak barely misses you.
You slash the death yak! Your kick misses the death yak.
The death yak misses you.
You barely miss the death yak.
You kick the death yak, but do no damage.
The death yak is struck by your spines. The death yak completely misses you.
The water moccasin closely misses you.
You hit the death yak but do no damage.
You kick the death yak, but do no damage.
You closely miss the water moccasin.
The water moccasin is struck by your spines.
The water moccasin bites you. The death yak barely misses you.
You slash the death yak!
You kill the death yak!
Lugonu accepts your kill.
You hit the water moccasin but do no damage.
The water moccasin bites you but does no damage.
The water moccasin closely misses you.
You barely miss the water moccasin. Your kick misses the water moccasin.
You hit the death yak.
The water moccasin is struck by your spines.
The water moccasin bites you but does no damage.
The death yak is struck by your spines. The death yak gores you!!
* * * LOW HITPOINT WARNING * * *
You hit the death yak but do no damage.
You kick the death yak, but do no damage.
You closely miss the water moccasin.
The water moccasin is struck by your spines.
The water moccasin misses you. The death yak gores you!
* * * LOW HITPOINT WARNING * * *
The water moccasin is struck by your spines.
You kill the water moccasin!
Lugonu accepts your kill.
You see here a water moccasin corpse.
Unknown command.
Unknown command.
You slice the death yak!! Your kick misses the death yak.
The death yak gores you!!
* * * LOW HITPOINT WARNING * * *
You hit the death yak but do no damage. The death yak is struck by your spines.
The death yak gores you!
You die...

##...###.#.###P.#....#.###...
##...P.....## ###...##### ##'#
#.##P.P...## ##...## #..
######...## #..##.# #.# ###
##.##### ##.#### ##.#
###.####..###P# #..## ##P.P
..............### ##...######.>..
...............Y###.....#...P....
##............##@.+..............
###...........##.#......+.P##....
###..............##.....#####....
#.#............#.#......## #..#P#
##............P####......# ######
#...####..##### ##.....##
###......#.# #..+#.##
###.#.>....## ##...####
#......#..#.# #..##.#.##


You could see a death yak.

Vanquished Creatures
  Gastronok (D:9)
  Erolcha (D:9)
  3 death yaks
  An ugly thing (D:11)
  3 centaur zombies
  Joseph (D:7)
  6 elephants (Lair:3)
  Maurice (D:8)
  2 black mambas
  3 spiny frogs
  A rime drake (Lair:3)
  4 komodo dragons
  A tyrant leech (Lair:4)
  A troll (D:8)
  6 hippogriffs
  12 blink frogs
  A slime creature (D:11)
  A wyvern (Lair:4)
  2 basilisks (Lair:2)
  18 yaks
  Menkaure (D:5)
  3 wargs (D:11)
  10 water moccasins
  10 porcupines
  4 orc warriors
  A hornet zombie (D:11)
  2 sky beasts
  A black bear (Lair:5)
  2 ice beasts
  5 wolves (Lair:3)
  2 phantoms
  8 ogres
  8 crocodiles
  12 centaurs
  3 big kobolds
  11 bullfrogs
  A wyvern zombie (D:7)
  A water moccasin zombie (D:6)
  3 scorpions
  4 wights (D:11)
  6 howler monkeys
  An electric eel (Lair:5)
  6 crimson imps
  3 hounds
  A quasit (D:8)
  2 bullfrog zombies
  A bullfrog skeleton (D:11)
  15 jellies
  6 centaur skeletons
  8 orc priests
  13 orc wizards
  8 worker ants
  2 iguanas
  Ijyb (D:4)
  A killer bee zombie (D:6)
  A hound skeleton (D:11)
  A worker ant zombie (D:8)
  A howler monkey skeleton (D:5)
  A gnoll (D:1)
  12 adders
  3 shadow imps
  19 oozes
  2 adder skeletons
  2 worms
  A dart slug (D:5)
  4 leopard geckos
  41 orcs
  6 bats
  5 giant cockroaches
  6 goblins
  4 hobgoblins
  14 jackals
  A quokka (D:7)
  A ball python (D:6)
  5 frilled lizards
  23 kobolds
  5 rats
  3 fungi (Lair:3)
396 creatures vanquished.

Vanquished Creatures (others)
  A hydra (Lair:2)
  4 oklob plants
  An elephant (Lair:3)
  2 gargoyles
  A hornet (D:11)
  2 orc warriors
  7 fungi
18 creatures vanquished.

Grand Total: 414 creatures vanquished

Notes
Turn   | Place    | Note
-------+----------+-------------------------------------------
     0 | Abyss:1  | LostNumber the Demonspawn Abyssal Knight began the quest
                  | for the Orb.
     0 | Abyss:1  | Reached XP level 1. HP: 18/18 MP: 2/2
     7 | Abyss:1  | Found a corrupted altar of Lugonu.
    23 | D:1      | Escaped the Abyss
    67 | D:1      | Reached skill level 1 in Dodging
   230 | D:1      | Gained mutation: You are partially covered in sharp spines.
                  | [demonic ancestry]
   230 | D:1      | Reached XP level 2. HP: 22/24 MP: 3/3
   561 | D:1      | Gained mutation: You have large cloven feet. [demonic
                  | ancestry]
   561 | D:1      | Reached XP level 3. HP: 21/29 MP: 5/5
   647 | D:1      | Reached ** piety under Lugonu
  1242 | D:2      | Reached skill level 3 in Invocations
  1559 | D:3      | Reached XP level 4. HP: 27/35 MP: 6/6
  2003 | D:3      | Found a shadowy altar of Dithmenos.
  2246 | D:4      | Reached XP level 5. HP: 41/41 MP: 7/7
  2282 | D:4      | Got a heavily runed golden ring
  2318 | D:4      | Identified the ring "Baxim" {+Inv rF- MR+ AC+4 Int+7} (You
                  | found it on level 4 of the Dungeon)
  2350 | D:4      | Noticed an ogre
  2377 | D:3      | Reached skill level 1 in Shields
  2377 | D:3      | Reached XP level 6. HP: 41/48 MP: 8/8
  2554 | D:4      | Reached skill level 4 in Invocations
  2859 | D:4      | Found a staircase to the Ecumenical Temple.
  2863 | D:4      | Found a faded altar of an unknown god.
  2914 | D:4      | Found a glowing golden altar of the Shining One.
  2914 | D:4      | Found a radiant altar of Vehumet.
  2914 | D:4      | Found a basalt altar of Yredelemnul.
  2914 | D:4      | Found a stormy altar of Qazlal.
  2921 | D:4      | Found a hazy altar of Hepliaklqana.
  2921 | D:4      | Found an ancient bone altar of Kikubaaqudgha.
  2956 | D:4      | Noticed Ijyb
  3043 | D:4      | Killed Ijyb
  3283 | D:5      | Entered Level 5 of the Dungeon
  3284 | D:5      | Found Jukitel's Antique Weapon Shoppe.
  3293 | D:5      | Reached XP level 7. HP: 40/54 MP: 10/10
  3433 | D:5      | Bought a glowing mace for 192 gold pieces
  3435 | D:5      | Found a large runed translucent door.
  3436 | D:5      | Found a large runed translucent door.
  3457 | D:5      | Reached *** piety under Lugonu
  3803 | D:5      | Reached skill level 5 in Invocations
  4012 | D:5      | Noticed mys's ghost (novice OpVM)
  4164 | D:5      | Found a shimmering altar of Xom.
  4331 | D:6      | Noticed Menkaure
  4565 | D:5      | Killed Menkaure
  4565 | D:5      | Gained mutation: You have hoof-like feet. [demonic
                  | ancestry]
  4565 | D:5      | Reached XP level 8. HP: 33/61 MP: 11/11
  4891 | D:6      | Noticed Denreik's ghost (novice GnEE)
  4893 | D:6      | Found a runed translucent gate.
  4894 | D:6      | Found a runed translucent gate.
  4898 | D:6      | Found a runed translucent gate.
  4972 | D:6      | Reached skill level 5 in Maces & Flails
  5690 | D:7      | Reached skill level 5 in Fighting
  5919 | D:7      | Reached skill level 6 in Invocations
  6030 | D:7      | Noticed a hippogriff
  6057 | D:7      | Killed a hippogriff
  6063 | D:7      | Gained mutation: You regenerate a little health from kills.
                  | [demonic ancestry]
  6063 | D:7      | Reached XP level 9. HP: 54/68 MP: 13/13
  6250 | D:7      | Noticed Joseph
  6474 | D:7      | Killed Joseph
  6479 | D:7      | Found Qinun's Weapon Boutique.
  6488 | D:7      | Bought a +1 broad axe of chopping for 156 gold pieces
  6677 | D:8      | Reached **** piety under Lugonu
  6698 | D:8      | Noticed a gargoyle
  6718 | D:8      | Banished a gargoyle
  6718 | D:8      | Reached skill level 1 in Axes
  6718 | D:8      | Reached skill level 7 in Invocations
  7331 | D:8      | Found a deep blue altar of Sif Muna.
  8198 | D:9      | Noticed a troll
  8216 | D:8      | Killed a troll
  8216 | D:8      | Reached skill level 8 in Invocations
  8353 | D:9      | Noticed Maurice
  8711 | D:8      | Killed Maurice
  8711 | D:8      | Gained mutation: You are mostly covered in sharp spines.
                  | [demonic ancestry]
  8711 | D:8      | Reached XP level 10. HP: 77/77 MP: 16/16
  8740 | D:9      | Reached skill level 5 in Shields
  8923 | D:9      | Noticed Erolcha
  8937 | D:9      | Killed Erolcha
  8937 | D:9      | Reached skill level 5 in Axes
  9001 | D:9      | Noticed Gastronok
  9322 | D:9      | Killed Gastronok
  9322 | D:9      | Reached skill level 9 in Invocations
 10340 | D:10     | Entered Level 10 of the Dungeon
 10357 | D:10     | Gained mutation: You are partially covered in molten
                  | scales. (AC +2) [demonic ancestry]
 10357 | D:10     | Reached XP level 11. HP: 74/86 MP: 18/18
 10440 | D:10     | Reached ***** piety under Lugonu
 10604 | D:10     | Identified the Catalogue of Earthen Augmentations
 10642 | D:10     | Found a runed translucent gate.
 10642 | D:10     | Found a runed translucent gate.
 10642 | D:10     | Found a runed translucent gate.
 10642 | D:10     | Noticed LostNumber's ghost (novice HOAK)
 11231 | D:11     | Reached skill level 10 in Invocations
 11464 | D:11     | Found a transporter.
 11534 | D:11     | Found a staircase to the Lair.
 11770 | D:11     | Found a staircase to the Orcish Mines.
 11906 | D:11     | Found a transporter.
 11906 | D:11     | Noticed sosloow's ghost (journeyman GrFi)
 11908 | D:11     | Noticed an ice dragon
 12091 | D:11     | Noticed a brown ugly thing
 12105 | D:11     | Killed a brown ugly thing
 12109 | D:11     | Reached skill level 5 in Armour
 12534 | Lair:1   | Entered Level 1 of the Lair of Beasts
 12877 | Lair:1   | Gained mutation: You are robust. (+10% HP) [demonic
                  | ancestry]
 12877 | Lair:1   | Reached XP level 12. HP: 83/103 MP: 20/20
 12914 | Lair:1   | Reached skill level 11 in Invocations
 13308 | Lair:1   | Got a heavily runed ring mail
 13319 | Lair:1   | Identified the +4 ring mail of Incorporation {*Slow +Fly
                  | Str+8 Stlth+} (You found it on level 1 of the Lair of
                  | Beasts)
 13721 | Lair:2   | Noticed a seven-headed hydra
 13726 | Lair:2   | Banished a seven-headed hydra
 13746 | Lair:2   | Found a hole to the Spider Nest.
 13915 | Lair:2   | Found a transporter.
 13949 | Lair:2   | Noticed an eight-headed hydra
 13954 | Lair:2   | Noticed Flugkiller's ghost (journeyman HuCK)
 14063 | Lair:2   | Found a transporter.
 15124 | Lair:3   | Reached ****** piety under Lugonu
 15124 | Lair:3   | Reached skill level 10 in Axes
 15168 | Lair:3   | You fall through a shaft for 2 floors!
 15277 | Lair:5   | Reached skill level 12 in Invocations
 15757 | Lair:4   | Gained mutation: You have hooves in place of feet. [demonic
                  | ancestry]
 15757 | Lair:4   | Reached XP level 13. HP: 112/113 MP: 22/22
 16128 | Lair:4   | Reached skill level 10 in Fighting
 16452 | Lair:3   | Slain by a death yak

Skill      XL: |  1  2  3  4  5  6  7  8  9 10 11 12 13 |
---------------+----------------------------------------+-----
Dodging        | 1 2 3 4 |  4.1
Maces & Flails | 2 3 4 6 |  6.6
Armour         | 2 3 4 5 6 7 |  7.0
Invocations    | 3 4 5 6 8 9 10 12 | 12.3
Shields        | 1 2 3 4 6 7 8 |  8.5
Fighting       | 4 5 6 7 8 9 10 | 10.1
Axes           | 4 6 8 10 | 10.6

Action                   |  1- 3 |  4- 6 |  7- 9 | 10-12 | 13-15 || total
-------------------------+-------+-------+-------+-------+-------++-------
Melee: Mace              |    89 |    95 |   321 |   397 |       ||   902
       Kick              |    14 |    23 |   103 |   221 |    25 ||   386
       Broad axe         |       |       |       |   215 |    67 ||   282
Invok: Banish            |       |       |     3 |    11 |     1 ||    15
Evoke: Wand              |       |       |       |     2 |       ||     2
  Use: Scroll            |       |     3 |     4 |     6 |       ||    13
       Potion            |       |       |       |     6 |       ||     6
  Eat: Chunk             |     7 |    11 |    18 |    27 |     2 ||    65
Armor: Leather armour    |    21 |    31 |    20 |       |       ||    72
       Chain mail        |       |       |   178 |   314 |       ||   492
       Ring mail         |       |       |       |    92 |    12 ||   104
Dodge: Dodged            |    54 |    66 |   137 |   294 |    35 ||   586
